 Dungeon Sprint DCSS version 0.30-a0-883-g5ad918d77d (webtiles) character file.

Game seed: 3040797114023033723

1246 BigDaddyOpFi the Thaumaturge (level 8, -3/41 HPs)
             Began as a Deep Elf Earth Elementalist on Mar 16, 2023.
             Was a High Priest of Vehumet.
             Slain by a demonic crawler (18 damage)
             ... in the Dungeon (Sprint VII: "The Pits").
             The game lasted 00:01:41 (1207 turns).

BigDaddyOpFi the Thaumaturge (DEEE)                 Turns: 1207, Time: 00:01:42

Health: -3/41      AC:  2    Str:  7    XL:     8   Next: 25%
Magic:  7/23       EV: 16    Int: 21    God:    Vehumet [*****.]
Gold:   0          SH:  0    Dex: 15    Spells: 22/26 levels left

rFire   . . .      SeeInvis .    i - +4 hand axe (freeze)
rCold   . . .      Faith    .    (no shield)
rNeg    . . .      Spirit   .    a - +0 robe
rPois   .          Reflect  .    (no helmet)
rElec   .          Rampage  .    (no cloak)
rCorr   .          NoTele   +    (no gloves)
Will    .....                    (no boots)
Stlth   ++++                     (no amulet)
HPRegen 0.26/turn                (no ring)
MPRegen 0.18/turn                (no ring)

@: no status effects
A: no striking features
a: Renounce Religion


You were in the Dungeon.
You worshipped Vehumet.
Vehumet was extremely pleased with you.
You visited 1 branch

Inventory:

Hand Weapons
 i - a +4 hand axe of freezing (weapon)
Armour
 a - a +0 robe (worn)
Scrolls
 g - a scroll of blinking
Potions
 b - 4 potions of magic
 c - 6 potions of curing
 d - 2 potions of heal wounds
 e - a potion of haste
 f - 3 potions of berserk rage
 h - 2 potions of invisibility


   Skills:
 + Level 9.1 Dodging
 + Level 9.7 Stealth
 + Level 9.9 Spellcasting
 * Level 9.3 Conjurations
 + Level 8.0 Transmutations
 + Level 8.7 Earth Magic


You had 22 spell levels left.
You knew the following spells:

 Your Spells              Type           Power      Damage    Failure   Level
a - Sandblast             Erth           94%        2d19      1%          1
b - Stone Arrow           Conj/Erth      96%        3d13      1%          3

Your spell library contained the following spells:

 Spells                   Type           Power      Damage    Failure   Level
 Airstrike                Air            5%         2d(1-17)  17%         4
 Passwall                 Tmut/Erth      37%        N/A       1%          2
 Petrify                  Tmut/Erth      45%        N/A       1%          4


Dungeon Overview and Level Annotations

Branches:
Dungeon (1/1)

Altars:
Ashenzari
Cheibriados
Dithmenos
Elyvilon
Fedhas
Gozag
Hepliaklqana
Kikubaaqudgha
Makhleb
Nemelex Xobeh
Okawaru
Qazlal
Ru
Sif Muna
Trog
Uskayaw
Vehumet
Wu Jian
Xom
Yredelemnul
Zin
The Shining One
Jiyva
Lugonu


Message History

The demonic crawler is heavily wounded.
Casting: Stone Arrow (safe; 1% risk of failure)
Confirm with . or Enter, or press ? or * to list all spells.
Aiming: Stone Arrow (safe; 1% risk of failure)
Press: ? - help, Shift-Dir - straight line, f/p - demonic crawler
Aim: a demonic crawler (moderately wounded, 89% to hit)
The stone arrow misses the demonic crawler.
The stone arrow hits the deep elf pyromancer!!
The deep elf pyromancer is heavily wounded.
The demonic crawler hits you! The demonic crawler misses you.
The demonic crawler hits you!
Casting: Stone Arrow (safe; 1% risk of failure)
Confirm with . or Enter, or press ? or * to list all spells.
Aiming: Stone Arrow (safe; 1% risk of failure)
Press: ? - help, Shift-Dir - straight line, f/p - demonic crawler
Aim: a demonic crawler (lightly wounded, 89% to hit)
The stone arrow hits the demonic crawler!!
The demonic crawler is severely wounded.
The demonic crawler hits you!
* * * LOW HITPOINT WARNING * * *
The demonic crawler hits you but does no damage.
The demonic crawler barely misses you. The demonic crawler closely misses you.
The demonic crawler misses you. x2
Unknown command.
You feel much better. The demonic crawler hits you.
The demonic crawler hits you!
The demonic crawler completely misses you.
You feel much better. The demonic crawler barely misses you.
The demonic crawler hits you.
The demonic crawler completely misses you.
Casting: Stone Arrow (safe; 1% risk of failure)
Confirm with . or Enter, or press ? or * to list all spells.
Aiming: Stone Arrow (safe; 1% risk of failure)
Press: ? - help, Shift-Dir - straight line, f/p - demonic crawler
Aim: a demonic crawler (lightly wounded, 89% to hit)
The stone arrow misses the demonic crawler.
The stone arrow misses the deep elf pyromancer.
The demonic crawler barely misses you. The demonic crawler hits you.
The demonic crawler hits you!! x2
You die...

#.##'#..#'###...<...#
#.#....รท...##.......#
#.#.....)..##.......#
#'###########.......#
#.......#.. #########
#...#...#)# ###
#...#...#)# ...#
#.##.##.#'#.!..#
#...#...#@se...+
#.).#...#)#....#
#.......).# ...#
########### ###


You could see a demonic crawler and a deep elf pyromancer.

Vanquished Creatures
  A gargoyle (D)
  Grinder (D)
  2 fire bats (D)
  2 floating eyes (D)
  A sky beast (D)
  A kobold brigand (D)
  An iron imp (D)
  A gnoll bouda (D)
  4 gnolls (D)
  An adder zombie (D)
  An orc (D)
  A ball python (D)
  A giant cockroach (D)
  4 jackals (D)
  A ball python zombie (D)
  2 bats (D)
  A kobold (D)
26 creatures vanquished.

Notes
Turn   | Place    | Note
-------+----------+-------------------------------------------
     0 | D        | BigDaddyOpFi the Deep Elf Earth Elementalist began the
                  | quest for the Orb.
     0 | D        | Reached XP level 1. HP: 10/10 MP: 6/6
     8 | D        | Noticed a floating eye
     9 | D        | Paralysed by a floating eye for 2 turns
    11 | D        | Killed a floating eye
    12 | D        | Reached skill level 5 in Dodging
    12 | D        | Reached skill level 5 in Stealth
    12 | D        | Reached skill level 5 in Earth Magic
    12 | D        | Reached XP level 2. HP: 15/15 MP: 4/11
    12 | D        | Reached XP level 3. HP: 19/19 MP: 4/12
    12 | D        | Reached XP level 4. HP: 24/24 MP: 4/14
    17 | D        | Found a bloodstained altar of Trog.
    17 | D        | Found a shimmering blue altar of Sif Muna.
    17 | D        | Found a viscous altar of Jiyva.
    17 | D        | Found a hazy altar of Hepliaklqana.
    17 | D        | Found an opulent altar of Gozag.
    18 | D        | Found a glowing golden altar of the Shining One.
    18 | D        | Found a glowing silver altar of Zin.
    18 | D        | Found a basalt altar of Yredelemnul.
    18 | D        | Found a shimmering altar of Xom.
    18 | D        | Found an ornate altar of the Wu Jian Council.
    18 | D        | Found a sacrificial altar of Ru.
    18 | D        | Found a stormy altar of Qazlal.
    18 | D        | Found an iron altar of Okawaru.
    18 | D        | Found a sparkling altar of Nemelex Xobeh.
    18 | D        | Found a burning altar of Makhleb.
    18 | D        | Found a blossoming altar of Fedhas.
    18 | D        | Found a white marble altar of Elyvilon.
    18 | D        | Found a shadowy altar of Dithmenos.
    18 | D        | Found a snail-covered altar of Cheibriados.
    19 | D        | Found a radiant altar of Vehumet.
    19 | D        | Found a corrupted altar of Lugonu.
    20 | D        | Found an ancient bone altar of Kikubaaqudgha.
    20 | D        | Found a hide-covered altar of Uskayaw.
    20 | D        | Found a broken altar of Ashenzari.
    27 | D        | Became a worshipper of Vehumet
   279 | D        | Learned a level 3 spell: Stone Arrow
   310 | D        | Reached skill level 1 in Conjurations
   372 | D        | Reached * piety under Vehumet
   372 | D        | Offered knowledge of Kiss of Death by Vehumet.
   375 | D        | Reached ** piety under Vehumet
   405 | D        | Noticed a sky beast
   408 | D        | Killed a sky beast
   408 | D        | Reached *** piety under Vehumet
   409 | D        | Reached skill level 5 in Transmutations
   409 | D        | Reached XP level 5. HP: 28/28 MP: 11/16
   696 | D        | Noticed a fire bat
   696 | D        | Noticed a floating eye
   696 | D        | Noticed a fire bat
   701 | D        | Killed a floating eye
   701 | D        | Offered knowledge of Foxfire by Vehumet.
   702 | D        | Reached skill level 5 in Conjurations
   702 | D        | Reached XP level 6. HP: 32/32 MP: 11/18
   706 | D        | Reached **** piety under Vehumet
   712 | D        | HP: 1/32 [fire bat (6)]
   714 | D        | Killed a fire bat
   715 | D        | Killed a fire bat
   716 | D        | Reached XP level 7. HP: 34/36 MP: 15/21
   724 | D        | Reached ***** piety under Vehumet
   802 | D        | Noticed a gargoyle
   804 | D        | Killed a gargoyle
   805 | D        | Reached XP level 8. HP: 41/41 MP: 17/23
  1015 | D        | Offered knowledge of Poisonous Vapours by Vehumet.
  1199 | D        | Noticed Grinder
  1199 | D        | Noticed a demonic crawler
  1199 | D        | Noticed a deep elf pyromancer
  1201 | D        | Killed Grinder
  1201 | D        | Offered knowledge of Airstrike by Vehumet.
  1207 | D        | Slain by a demonic crawler

Illustrated notes

Levels and vault maps discovered:
D:        pitsprint [storerooms_1, entrance_room_1, metal_vault_2, armoury_1,
          mini_pit_1, grid_room_1, main_hall_1, silver_pit, the_coven_3,
          the_vestibule_1, steel_vault_3, golden_pit, hallway_of_sentries,
          crystal_vault_6, iron_vault_4, final_vault]

Skill      XL: |  1  2  3  4  5  6  7  8 |
---------------+-------------------------+-----
Dodging        | 5 6 7 8 9 |  9.1
Stealth        | 5 6 7 8 9 |  9.7
Spellcasting   | 6 7 8 9 |  9.9
Transmutations | 4 5 7 8 |  8.0
Earth Magic    | 5 6 7 8 |  8.7
Conjurations   | 4 5 7 8 9 |  9.3

Action                     |  1- 3 |  4- 6 |  7- 9 || total
---------------------------+-------+-------+-------++-------
   Cast: Sandblast         |     2 |    19 |     1 ||    22
         Stone Arrow       |       |     7 |    17 ||    24
    Use: Potion            |       |     3 |     2 ||     5
 Armour: Robe              |       |     8 |     1 ||     9
  Dodge: Dodged            |       |    25 |    10 ||    35

Table legend: (Time is in decaauts)
 A = Elapsed time spent in this place.
 B = Non-inter-level travel time spent in this place.
 C = Inter-level travel time spent in this place.
 D = Time resting spent in this place.
 E = Time spent auto-exploring this place.
 F = Levels seen in this place.
 G = Mean time per level.
                   A        B        C        D        E       F      G
               +--------+--------+--------+--------+--------+-----+--------+
         Total |   1217 |   1198 |     19 |   1015 |      0 |   1 | 1217.0 |
       Dungeon |   1217 |   1198 |     19 |   1015 |      0 |   1 | 1217.0 |
               +--------+--------+--------+--------+--------+-----+--------+

Top non-repeatable levels by time:
       D: 1217 daAuts
